 Dungeon Crawl Stone Soup version 0.25-a0-2-g6559c6c67a (webtiles) character file.

Game seed: 1041481368392105029, levelgen mode: deterministic

170 Arixos the Charmwright (level 5, -6/27 HPs)
             Began as a Vine Stalker Skald on Oct 14, 2019.
             Killed by divine providence
             ... invoked by an orc priest
              (12 damage)
             ... on level 3 of the Dungeon.
             The game lasted 00:06:16 (2267 turns).

Arixos the Charmwright (Vine Stalker Skald)         Turns: 2267, Time: 00:06:16

Health: -6/27      AC:  3    Str: 13    XL:     5   Next: 51%
Magic:  0/19       EV: 12    Int: 13    God:
Gold:   197        SH:  0    Dex: 15    Spells: 4/10 levels left

rFire    . . .     SeeInvis .   a - +0 falchion
rCold    . . .     Gourm    .   (no shield)
rNeg     . . .     Faith    .   b - +0 leather armour
rPois    .         Spirit   +   (no helmet)
rElec    .         Reflect  .   (no cloak)
rCorr    .         Harm     .   (no gloves)
MR       .....                  (no boots)
Stlth    +.........             (no amulet)
HPRegen  0.49/turn              o - ring of magical power
MPRegen  0.16/turn              (no ring)

@: shrouded, very slightly contaminated
A: fangs 2, regeneration 1, magic shield, antimagic bite, no potion heal 3, rot
immunity
a: no special abilities


You were on level 3 of the Dungeon.
You were hungry.

You visited 1 branch of the dungeon, and saw 3 of its levels.

You collected 197 gold pieces.

Inventory:

Hand Weapons
 a - a +0 falchion (weapon)
Armour
 b - a +0 leather armour (worn)
Jewellery
 o - a ring of magical power (left hand)
Scrolls
 c - a scroll of fear {unknown}
 e - a scroll of amnesia {unknown}
 f - 8 scrolls of identify {unknown}
 h - a scroll of fog {unknown}
 i - a scroll of random uselessness {unknown}
 l - a scroll of enchant armour {unknown}
 n - a scroll of teleportation {unknown}
Potions
 g - a potion of invisibility {unknown}
 j - a potion of agility {unknown}
 k - a potion of magic {unknown}
 m - a potion of haste {unknown}
Comestibles
 d - 5 rations


   Skills:
 + Level 2.4 Fighting
 + Level 2.5 Long Blades
 - Level 0.7 Armour
 + Level 2.3 Dodging
 + Level 3.0 Spellcasting
 + Level 3.5 Charms
 + Level 1.0 Necromancy
 + Level 1.6 Translocations


You had 4 spell levels left.
You knew the following spells:

 Your Spells              Type           Power        Failure   Level  Hunger
a - Infusion              Chrm           ##..         7%          1    #......
r - Regeneration          Chrm/Necr      #.........   34%         3    ###....
s - Shroud of Golubria    Chrm/Tloc      #.....       16%         2    ###....

Your spell library contained the following spells:

 Spells                   Type           Power        Failure   Level  Hunger
 Song of Slaying          Chrm           ##......     10%         2    ###....
 Spectral Weapon          Hex/Chrm       #.......     38%         3    ###....


Dungeon Overview and Level Annotations

Branches:
Dungeon (3/15)

Altars:
Gozag
Nemelex Xobeh
Vehumet


Innate Abilities, Weirdness & Mutations

You have extremely sharp teeth.
Your natural rate of healing is unusually fast.
When hurt, damage is shared between your health and your magic reserves.
Your bite disrupts and absorbs the magic of your enemies.
Potions cannot restore your health.
You are immune to rotting.


Message History

The orc is almost dead.
The orc closely misses you.
You riposte.
You hit the orc but do no damage.
The orc is almost dead.
You hit the orc.
You kill the orc!
You barely miss the orc priest. Your bite misses the orc priest.
The orc priest is lightly wounded.
The orc priest calls down the wrath of Beogh upon you.
Beogh smites you!
* * * LOW HITPOINT WARNING * * *
You completely miss the orc priest.
The orc priest is lightly wounded.
The orc priest begins to cast a cantrip, but forgets the words!
You barely miss the orc priest. You bite the orc priest. You drain its power.
You feel invigorated.
The orc priest is lightly wounded.
Your shroud bends the orc priest's attack away.
The orc priest mumbles some strange prayers to Beogh against you.
Beogh smites you!
You die...

#......# #.# #####......#
#.# #..........#### ####.#
#.......(..##.. ..##.#
#......##..##.# #.##.#
#......###.##.# #.##.#####
#......# #..#.# #.##......
###......####.#.###.########
........ooo@.......>#
##......#####..###.#
#####......# #..# #.#
...........# ##.# #.#
.......##### #.###.########
....... #.............
....... #..##.#..#####
....... ##.#####.### ..o....
#.# #.....#


You could see an orc priest and 2 orcs.

Vanquished Creatures
  An ogre (D:2)
  An iguana (D:2)
  2 adders
  A worm (D:2)
  A dart slug (D:1)
  2 orcs (D:3)
  4 bats
  2 giant cockroaches
  3 goblins
  5 hobgoblins
  2 quokkas (D:2)
  A ball python (D:2)
  3 frilled lizards
  4 kobolds
  5 rats
37 creatures vanquished.

Notes
Turn   | Place    | Note
-------+----------+-------------------------------------------
     0 | D:1      | Arixos the Vine Stalker Skald began the quest for the Orb.
     0 | D:1      | Reached XP level 1. HP: 11/11 MP: 4/4
   237 | D:1      | Reached XP level 2. HP: 13/15 MP: 4/6
   241 | D:1      | Learned a level 2 spell: Shroud of Golubria
   954 | D:2      | Reached XP level 3. HP: 18/18 MP: 7/7
   963 | D:2      | Learned a level 3 spell: Regeneration
  1019 | D:2      | Found a radiant altar of Vehumet.
  1278 | D:2      | Reached skill level 1 in Translocations
  1376 | D:2      | Gained mutation: Your natural rate of healing is unusually
                  | fast. [Vine Stalker growth]
  1376 | D:2      | Reached XP level 4. HP: 12/23 MP: 7/9
  1614 | D:2      | Noticed an ogre
  1626 | D:2      | Killed an ogre
  1626 | D:2      | Reached XP level 5. HP: 8/27 MP: 4/10
  1938 | D:2      | Found a sparkling altar of Nemelex Xobeh.
  2077 | D:3      | Found an opulent altar of Gozag.
  2217 | D:3      | Reached skill level 1 in Necromancy
  2267 | D:3      | Killed from afar by an orc priest

Levels and vault maps discovered:
D:1:      dpeg_arrival_shrine, layout_basic
D:2:      layout_basic, lemuel_crystal_altar, serial_forest,
          infiniplex_forest_split, infiniplex_forest_side_room,
          infiniplex_forest_clump_double, infiniplex_forest_lined_room_3,
          infiniplex_forest_lined_2, infiniplex_forest_clump_curved,
          nemelex_lonely_heart_becter
D:3:      layout_basic, first_ration,
          nicolae_gozag_cash_rules_everything_around_me

Skill      XL: |  1  2  3  4  5 |
---------------+----------------+-----
Long Blades    | 2 |  2.5
Fighting       | 2 |  2.4
Translocations | 1 |  1.6
Dodging        | 2 |  2.3
Necromancy     | 1 |  1.0
Spellcasting   | 3 |  3.0
Armour         | |  0.7
Charms         | |  3.5

Action                   |  1- 3 |  4- 6 || total
-------------------------+-------+-------++-------
Melee: Falchion          |    87 |    37 ||   124
       Bite              |    23 |    13 ||    36
 Cast: Shroud of Golubri |     8 |     5 ||    13
       Regeneration      |       |     2 ||     2
  Eat: Chunk             |     2 |     3 ||     5
Armor: Leather armour    |    20 |     4 ||    24
Dodge: Dodged            |    71 |    23 ||    94
       Rpst.: Falchion   |    22 |     6 ||    28

Table legend:
 A = Non-vault XP
 B = Vault XP
 C = Vault XP percentage of total XP
 D = Non-vault monster count
 E = Vault monster count
 F = Vault count percentage of total count
                 A         B        C        D         E       F
            +---------+---------+-------+---------+---------+-------
      Total |     244 |       0 |   0.0 |      37 |       0 |   0.0
            +---------+---------+-------+---------+---------+-------
        D:1 |      18 |       0 |   0.0 |       9 |       0 |   0.0
        D:2 |     206 |       0 |   0.0 |      24 |       0 |   0.0
        D:3 |      20 |       0 |   0.0 |       4 |       0 |   0.0
            +---------+---------+-------+---------+---------+-------
